 Dungeon Sprint DCSS version 0.19.5 (webtiles) character file.

417 equalderp2856 the Ripper (level 6, -4/33 HPs)
             Began as a Felid Fighter on Mar 10, 2017.
             Was an Initiate of Gozag.
             Slain by a troll (11 damage)
             ... in the Dungeon (Sprint VII: "The Pits").
             The game lasted 00:03:28 (808 turns).

equalderp2856 the Ripper (Felid Fighter)             Turns: 808, Time: 00:03:29

Health: -4/33      AC:  2    Str: 13    XL:     6   Next: 61%
Magic:  7/7        EV: 29    Int: 10    God:    Gozag
Gold:   1530       SH:  0    Dex: 22    Spells: 0 memorised, 5 levels left
                                        Lives:  0   Deaths: 2

rFire  . . .     SeeInvis +       - Unarmed
rCold  . . .     Gourm    .     (armour unavailable)
rNeg   . . .     Faith    .     (shield unavailable)
rPois  .         Spirit   .     (helmet unavailable)
rElec  .         Reflect  .     (cloak unavailable)
rCorr  .         Harm     .     (gloves unavailable)
MR     .....     NoTele   +     (boots unavailable)
Stlth  ++++......               (no amulet)
                                i - +3 ring of dexterity
                                a - +3 ring of dexterity

@: slowed, slow
A: no armour, no weapons or thrown items, stealth, claws 1, fangs 3, see
invisible, carnivore 3, speed 1, shaggy fur 2, slow metabolism 1, sharp paws
a: Potion Petition, Call Merchant, Bribe Branch, Renounce Religion


You were in the Dungeon.
You worshipped Gozag.
Gozag was most pleased with you.
You were not hungry.

You visited 1 branch You collected 1530 gold pieces.

Inventory:

Hand Weapons
 p - a +0 halberd
Armour
 q - a +0 robe
Jewellery
 a - a +3 ring of dexterity (left paw)
 i - a +3 ring of dexterity (right paw)
Scrolls
 h - a scroll of blinking
 m - 3 scrolls of remove curse
 n - 5 scrolls of amnesia
 o - a scroll of summoning
Potions
 c - 6 potions of curing
 d - 3 potions of heal wounds
 e - a potion of haste
 f - 4 potions of magic
 g - 4 potions of berserk rage
 j - 3 potions of cure mutation
 k - a potion of brilliance
 l - 2 potions of invisibility
Comestibles
 b - 8 meat rations


   Skills:
 + Level 7.6 Fighting
 + Level 10.7 Dodging
 + Level 5.9 Stealth
 + Level 15.2 Unarmed Combat


You had 5 spell levels left.
You didn't know any spells.

Dungeon Overview and Level Annotations

Branches:
Dungeon (1/1)

Altars:
Ashenzari
Cheibriados
Dithmenos
Elyvilon
Fedhas
Gozag
Hepliaklqana
Kikubaaqudgha
Makhleb
Nemelex Xobeh
Okawaru
Qazlal
Ru
Sif Muna
Trog
Uskayaw
Vehumet
Xom
Yredelemnul
Zin
The Shining One
Beogh
Jiyva
Lugonu


Innate Abilities, Weirdness & Mutations

You cannot wear armour.
You are incapable of wielding weapons or throwing items.
Your paws allow you to move quietly. (Stealth)
You have sharp claws.
You have razor-sharp teeth.
You have supernaturally acute eyesight. (SInv)
You are carnivorous and can eat meat at any time.
You cover ground quickly.
You are covered in thick fur. (AC +2)
You have a slow metabolism.
Your sharp claws are effective at attacking unaware monsters.


Message History

You completely miss the bog body.
The bog body is moderately damaged.
The ufetubus completely misses you. x2; The ufetubus barely misses you.
The ufetubus completely misses you. The bog body hits you!!
Ouch! That really hurt!
* * * LOW HITPOINT WARNING * * *
The bog body completely misses you.
The ynoxinul gestures.
The ufetubus completely misses you. x2
You feel better. The ufetubus closely misses you.
The ufetubus barely misses you. The bog body misses you.
The bog body completely misses you. The ufetubus completely misses you.
The ufetubus hits you.
* * * LOW HITPOINT WARNING * * *
The bog body completely misses you. The bog body closely misses you.
The troll bites you.
* * * LOW HITPOINT WARNING * * *
The troll completely misses you. The troll claws you!
You die...
Your body crumbles into a pile of gold.

_____#
####'###########++######
)))#.##................#
)))'.##......#..#......#
####.##................+
.s....+................+
#)#####......#..#......#
()#..##................#
..').#####'#####@5######
###)###.......##Tn#
.....##.......##55#
.....##.......##5C# +#
#'#####...<...##35# #3##
)))..##.......##55# #5n.##
)))..##.......##)$## #.....#
#######.......##...##......#
..#..###########.5..5......+


You could see a hill giant, a bog body, a troll, a ynoxinul and 7 ufetubi.

Vanquished Creatures
  Erolcha (D)
  A tarantella (D)
  Eustachio (D)
  A bullfrog (D)
  A scorpion (D)
  7 wights (D)
  Crazy Yiuf (D)
  An orc wizard (D)
  A worker ant (D)
  An adder (D)
  An ufetubus (D)
  An ooze (D)
  2 adder zombies (D)
  An adder skeleton (D)
  5 orcs (D)
  A bat skeleton (D)
  A goblin (D)
  A hobgoblin (D)
  A quokka (D)
  A ball python (D)
31 creatures vanquished.

Notes
Turn   | Place    | Note
-------+----------+-------------------------------------------
     0 | D        | equalderp2856 the Felid Fighter began the quest for the Orb.
     0 | D        | Reached XP level 1. HP: 10/10 MP: 2/2
    13 | D        | Noticed a worker ant
    18 | D        | Killed a worker ant
    18 | D        | Reached skill level 5 in Dodging
    18 | D        | Reached skill level 5 in Unarmed Combat
    18 | D        | Reached XP level 2. HP: 15/15 MP: 3/3
    28 | D        | Found a radiant altar of Vehumet.
    28 | D        | Found a hide-covered altar of Uskayaw.
    28 | D        | Found an ancient bone altar of Kikubaaqudgha.
    28 | D        | Found a viscous altar of Jiyva.
    28 | D        | Found a hazy altar of Hepliaklqana.
    29 | D        | Found a bloodstained altar of Trog.
    29 | D        | Found a deep blue altar of Sif Muna.
    29 | D        | Found a sacrificial altar of Ru.
    29 | D        | Found a stormy altar of Qazlal.
    29 | D        | Found an iron altar of Okawaru.
    29 | D        | Found a sparkling altar of Nemelex Xobeh.
    29 | D        | Found an opulent altar of Gozag.
    29 | D        | Found a blossoming altar of Fedhas.
    29 | D        | Found a white marble altar of Elyvilon.
    29 | D        | Found a shadowy altar of Dithmenos.
    29 | D        | Found a snail-covered altar of Cheibriados.
    30 | D        | Found a glowing golden altar of the Shining One.
    30 | D        | Found a glowing silver altar of Zin.
    32 | D        | Found a roughly hewn altar of Beogh.
    32 | D        | Found a burning altar of Makhleb.
    32 | D        | Found a basalt altar of Yredelemnul.
    33 | D        | Found a shattered altar of Ashenzari.
    33 | D        | Found a corrupted altar of Lugonu.
    33 | D        | Found a shimmering altar of Xom.
    35 | D        | Became a worshipper of Gozag Ym Sagoz the Greedy
    53 | D        | Reached skill level 6 in Unarmed Combat
    60 | D        | Reached XP level 3. HP: 18/18 MP: 4/4
   250 | D        | Reached skill level 7 in Unarmed Combat
   250 | D        | Reached XP level 4. HP: 15/22 MP: 5/5
   268 | D        | Reached skill level 5 in Fighting
   268 | D        | Reached skill level 8 in Unarmed Combat
   268 | D        | Reached XP level 5. HP: 19/26 MP: 6/6
   279 | D        | Reached skill level 9 in Unarmed Combat
   284 | D        | Reached skill level 10 in Unarmed Combat
   454 | D        | Noticed Crazy Yiuf
   477 | D        | Killed Crazy Yiuf
   480 | D        | Reached skill level 11 in Unarmed Combat
   480 | D        | Gained mutation: You are covered in thick fur. (AC +2) [Felid growth]
   480 | D        | Reached XP level 6. HP: 31/31 MP: 7/7
   507 | D        | Noticed Eustachio
   509 | D        | Killed Eustachio
   509 | D        | Reached skill level 12 in Unarmed Combat
   509 | D        | Reached XP level 7. HP: 36/36 MP: 8/8
   533 | D        | Noticed Erolcha
   547 | D        | Killed Erolcha
   547 | D        | Reached skill level 10 in Dodging
   547 | D        | Reached skill level 14 in Unarmed Combat
   547 | D        | Reached XP level 8. HP: 28/40 MP: 9/9
   685 | D        | Noticed a demonic crawler
   686 | D        | Reached skill level 5 in Stealth
   711 | D        | Reached skill level 15 in Unarmed Combat
   714 | D        | Slain by a demonic crawler
   715 | D        | Reached XP level 7. HP: -3/36 MP: 8/8
   774 | D        | Noticed a ynoxinul
   774 | D        | Noticed a bog body
   774 | D        | Noticed a hill giant
   774 | D        | Noticed a troll
   774 | D        | Noticed a molten gargoyle
   790 | D        | Slain by a molten gargoyle
   791 | D        | Reached XP level 6. HP: -3/33 MP: 7/7
   808 | D        | Slain by a troll

Skill      XL: |  1  2  3  4  5  6  7  8 |
---------------+-------------------------+-----
Dodging        | 5 6 8 9 10 | 10.7
Unarmed Combat | 5 6 7 8 11 12 14 15 | 15.2
Fighting       | 4 5 6 7 |  7.6
Stealth        | 2 4 5 |  5.9

Action                   |  1- 3 |  4- 6 |  7- 9 || total
-------------------------+-------+-------+-------++-------
Melee: Unarmed           |    25 |    45 |    46 ||   116
       Bite              |     3 |     6 |     5 ||    14
       Punch             |       |     2 |     1 ||     3
  Use: Potion            |       |     5 |     2 ||     7
 Stab: Sleeping          |       |     2 |     1 ||     3
Armor: Skin              |     1 |       |       ||     1
Dodge: Dodged            |    17 |    41 |    67 ||   125
